AoeStats
← Manololc

Arabia

510371306Analyzed
1v1 RM · 15h ago on Sep 30, 2026· 41m 18s· 2 players
Game mode
Random Map
Map size
Tiny (2 player)
Population
200
Speed
Normal
Resources
Standard
Victory
Conquest
Starting age
Dark Age
Ending age
Imperial Age
RankedLock teamsTeams togetherTeam positionsShared explorationLock speedFull tech treeHidden civsTurbo modeCheats
Victory
Defeat
🇹🇷 Varangians · Türkiye
945
+17
🇲🇽 Teutons · Mexico
958
-17
Mühendis
9:43 Feudal Age
8:36 Loom
15:56 Bloodlines
26:59 Castle Age
25:16 Double-Bit Axe
28:22 Scale Mail Armor
28:27 Scale Barding Armor
28:34 Forging
33:55 Squires
33:41 Gambesons
34:25 Chain Barding Armor
34:21 Chain Mail Armor
34:42 Iron Casting
37:00 Husbandry
37:05 Gold Mining
Manololc
6:27 Loom
8:16 Feudal Age
12:53 Scale Barding Armor
22:03 Castle Age
21:01 Gold Mining
27:14 Forging
30:14 Chain Barding Armor
Connection lost

Rejoining the realm…

Still unreachable

The connection could not be restored.

Session expired

The server has moved on; the page needs a fresh start.